TOP OF THE 1ST |
Maui Tropics batting - Pitching for Birmingham Steeldogs : RHP Jorge Salazar
|
Pitching: RHP Jorge Salazar
|
|
Batting: LHB Mario Olivares
|
0-0: Ball 1-0: Foul Ball, location: 2F 1-1: Ball 2-1: Foul Ball, location: 2F 2-2: SINGLE (Groundball, 34D)
|
Batting: LHB Javier Espinoza
|
0-0: Called Strike 0-1: Fly out, F2 (Popup, 25)
|
Batting: RHB Luis Alou
|
0-0: Called Strike 0-1: Ball Mario Olivares steals 2nd base 1-1: Swinging Strike 1-2: Fly out, F2 (Popup, 25)
|
Batting: LHB José Rivas
|
0-0: Ball 1-0: Ball 2-0: Ball 3-0: Base on Balls
|
Batting: RHB José Herrera
|
0-0: Fielders Choice at 2nd, 6-4 (Groundball, 56)
|
Top of the 1st over - 0 run(s), 1 hit(s), 0 error(s), 1 left on base; Maui 0 - Birmingham 0 |
BOTTOM OF THE 1ST |
Birmingham Steeldogs batting - Pitching for Maui Tropics : RHP José Ortíz
|
Pitching: RHP José Ortíz
|
|
Batting: RHB Nick Webb
|
0-0: Ball 1-0: Ball 2-0: Called Strike 2-1: Ball 3-1: Called Strike 3-2: Base on Balls
|
Batting: RHB Sixto Vélez
|
0-0: Foul Ball, location: 2F 0-1: Swinging Strike 0-2: Ball 1-2: Strikes out looking
|
Batting: LHB Curt Walker
|
0-0: Grounds into double play, 4-6-3 (Groundball, 4)
|
Bottom of the 1st over - 0 run(s), 0 hit(s), 0 error(s), 0 left on base; Maui 0 - Birmingham 0 |
TOP OF THE 2ND |
Maui Tropics batting - Pitching for Birmingham Steeldogs : RHP Jorge Salazar
|
Batting: LHB Mark Everett
|
0-0: DOUBLE (Groundball, 5L)
|
Batting: RHB David Moran
|
0-0: Ground out 1-3 (Groundball, 13S) Mark Everett to third
|
Batting: RHB Ximena Campos
|
0-0: Ball 1-0: Ball 2-0: Called Strike 2-1: Foul Ball, location: 2F 2-2: Ball 3-2: Foul Ball, location: 2F 3-2: Foul Ball, location: 2F 3-2: Hit by Pitch
|
Batting: RHB John Brown
|
0-0: Ball 1-0: Ball 2-0: Ball 3-0: Called Strike 3-1: Ground out 5-3 (Groundball, 5S) Mark Everett scores Ximena Campos to second
|
Batting: LHB Mario Olivares
|
0-0: Ball 1-0: Called Strike 1-1: Foul Ball, location: 2F 1-2: Ball 2-2: Fly out, F8 (Flyball, 8LS)
|
Top of the 2nd over - 1 run(s), 1 hit(s), 0 error(s), 1 left on base; Maui 1 - Birmingham 0 |
BOTTOM OF THE 2ND |
Birmingham Steeldogs batting - Pitching for Maui Tropics : RHP José Ortíz
|
Batting: RHB Valentín Borges
|
0-0: Ball 1-0: Ball 2-0: Called Strike 2-1: Fly out, F9 (Flyball, 9LS)
|
Batting: RHB Eric Johnson
|
0-0: Ball 1-0: Called Strike 1-1: Ball 2-1: Ball 3-1: Swinging Strike 3-2: Base on Balls
|
Batting: RHB Yujiro Kurihara
|
0-0: Ball Eric Johnson steals 2nd base 1-0: SINGLE (Groundball, 4MD) Eric Johnson to third Runner from 3rd tries for Home, SAFE, throw made home Yujiro Kurihara to second
|
Batting: LHB Ashley Pickhills
|
0-0: Ball 1-0: Ball 2-0: Called Strike 2-1: Ground out U3 (Groundball, 34) Yujiro Kurihara to third
|
Batting: RHB Carlos García
|
0-0: Foul Ball, location: 2F 0-1: Called Strike 0-2: Ball 1-2: Ball 2-2: Strikes out swinging
|
Bottom of the 2nd over - 1 run(s), 1 hit(s), 0 error(s), 1 left on base; Maui 1 - Birmingham 1 |
TOP OF THE 3RD |
Maui Tropics batting - Pitching for Birmingham Steeldogs : RHP Jorge Salazar
|
Batting: LHB Javier Espinoza
|
0-0: Swinging Strike 0-1: Foul Ball, location: 2F 0-2: Foul Ball, location: 2F 0-2: Foul Ball, location: 2F 0-2: DOUBLE (Flyball, 78D)
|
Batting: RHB Luis Alou
|
0-0: Ball 1-0: Ball 2-0: Ball 3-0: Ground out 5-3 (Groundball, 56)
|
Batting: LHB José Rivas
|
0-0: SINGLE (Line Drive, 56D) Javier Espinoza to third Runner from 3rd tries for Home, SAFE, throw made home José Rivas to second
|
Batting: RHB José Herrera
|
0-0: Foul Ball, location: 2F 0-1: Ball 1-1: Ball 2-1: Foul Ball, location: 2F 2-2: Strikes out swinging
|
Batting: LHB Mark Everett
|
0-0: Foul Ball, location: 2F 0-1: Ball 1-1: Fly out, F8 (Flyball, 89S)
|
Top of the 3rd over - 1 run(s), 2 hit(s), 0 error(s), 1 left on base; Maui 2 - Birmingham 1 |
BOTTOM OF THE 3RD |
Birmingham Steeldogs batting - Pitching for Maui Tropics : RHP José Ortíz
|
Batting: RHB José Carlos Caraballo
|
0-0: Called Strike 0-1: Swinging Strike 0-2: Strikes out swinging
|
Batting: RHB Nick Webb
|
0-0: Foul Ball, location: 2F 0-1: Ball 1-1: SINGLE (Groundball, 6MD)
|
Batting: RHB Sixto Vélez
|
0-0: Ball 1-0: Ball 2-0: Foul Ball, location: 2F 2-1: Called Strike 2-2: Fielders Choice at 2nd, 1-6 (Groundball, 13S)
|
Batting: LHB Curt Walker
|
0-0: Ball 1-0: Called Strike 1-1: Swinging Strike 1-2: Ball 2-2: Fly out, F8 (Line Drive, 8RS)
|
Bottom of the 3rd over - 0 run(s), 1 hit(s), 0 error(s), 1 left on base; Maui 2 - Birmingham 1 |
TOP OF THE 4TH |
Maui Tropics batting - Pitching for Birmingham Steeldogs : RHP Jorge Salazar
|
Batting: RHB David Moran
|
0-0: Foul Ball, location: 2F 0-1: Foul Ball, location: 2F 0-2: Strikes out swinging
|
Batting: RHB Ximena Campos
|
0-0: Called Strike 0-1: Fly out, F3 (Popup, 34S)
|
Batting: RHB John Brown
|
0-0: Ground out 6-3 (Groundball, 6)
|
Top of the 4th over - 0 run(s), 0 hit(s), 0 error(s), 0 left on base; Maui 2 - Birmingham 1 |
BOTTOM OF THE 4TH |
Birmingham Steeldogs batting - Pitching for Maui Tropics : RHP José Ortíz
|
Batting: RHB Valentín Borges
|
0-0: Ball 1-0: Called Strike 1-1: Swinging Strike 1-2: Ball 2-2: Fly out, F9 (Flyball, 9)
|
Batting: RHB Eric Johnson
|
0-0: Ball 1-0: Ball 2-0: Ground out 1-3 (Groundball, 15S)
|
Batting: RHB Yujiro Kurihara
|
0-0: Foul Ball, location: 2F 0-1: Swinging Strike 0-2: Ground out 6-3 (Groundball, 6)
|
Bottom of the 4th over - 0 run(s), 0 hit(s), 0 error(s), 0 left on base; Maui 2 - Birmingham 1 |
TOP OF THE 5TH |
Maui Tropics batting - Pitching for Birmingham Steeldogs : RHP Jorge Salazar
|
Batting: LHB Mario Olivares
|
0-0: Called Strike 0-1: Ball 1-1: SINGLE (Groundball, 34D)
|
Batting: LHB Javier Espinoza
|
0-0: Called Strike 0-1: Ball 1-1: Called Strike 1-2: Ball 2-2: Ground out 5-3 (Groundball, 56S) Mario Olivares to second
|
Batting: RHB Luis Alou
|
0-0: Ball 1-0: Foul Ball, location: 2F 1-1: Swinging Strike 1-2: Strikes out swinging
|
Batting: LHB José Rivas
|
0-0: SINGLE (Line Drive, 34) Mario Olivares to third
|
Batting: RHB José Herrera
|
0-0: Foul Ball, location: 2F 0-1: Ball 1-1: Foul Ball, location: 2F 1-2: Strikes out swinging
|
Top of the 5th over - 0 run(s), 2 hit(s), 0 error(s), 2 left on base; Maui 2 - Birmingham 1 |
BOTTOM OF THE 5TH |
Birmingham Steeldogs batting - Pitching for Maui Tropics : RHP José Ortíz
|
Batting: LHB Ashley Pickhills
|
0-0: Called Strike 0-1: Ball 1-1: Ground out 4-3 (Groundball, 4)
|
Batting: RHB Carlos García
|
0-0: Ball 1-0: Called Strike 1-1: Called Strike 1-2: Ground out 4-3 (Groundball, 4S)
|
Batting: RHB José Carlos Caraballo
|
0-0: Foul Ball, location: 2F 0-1: Foul Ball, location: 2F 0-2: Ball 1-2: Foul Ball, location: 2F 1-2: Ball 2-2: Ball 3-2: Fly out, F7 (Flyball, 78S)
|
Bottom of the 5th over - 0 run(s), 0 hit(s), 0 error(s), 0 left on base; Maui 2 - Birmingham 1 |
TOP OF THE 6TH |
Maui Tropics batting - Pitching for Birmingham Steeldogs : RHP Jorge Salazar
|
Batting: LHB Mark Everett
|
0-0: Called Strike 0-1: Ball 1-1: Ball 2-1: Foul Ball, location: 2F 2-2: Foul Ball, location: 2F 2-2: Ball 3-2: Fly out, F7 (Flyball, 78S)
|
Batting: RHB David Moran
|
0-0: Called Strike 0-1: Foul Ball, location: 2F 0-2: Ball 1-2: Foul Ball, location: 2F 1-2: Ball 2-2: Strikes out swinging
|
Batting: RHB Ximena Campos
|
0-0: Ground out 5-3 (Groundball, 5S)
|
Top of the 6th over - 0 run(s), 0 hit(s), 0 error(s), 0 left on base; Maui 2 - Birmingham 1 |
BOTTOM OF THE 6TH |
Birmingham Steeldogs batting - Pitching for Maui Tropics : RHP José Ortíz
|
Batting: RHB Nick Webb
|
0-0: Foul Ball, location: 2F 0-1: SINGLE (Groundball, 6MD)
|
Batting: RHB Sixto Vélez
|
0-0: Called Strike 0-1: Ball 1-1: Swinging Strike 1-2: Foul Ball, location: 2F 1-2: Fly out, F8 (Flyball, 8RS)
|
Batting: LHB Curt Walker
|
0-0: Called Strike 0-1: Swinging Strike 0-2: Ball 1-2: Foul Ball, location: 2F 1-2: Ball 2-2: Foul Ball, location: 2F 2-2: Ball 3-2: Fielders Choice at 2nd, 4-6 (Groundball, 4M)
|
Batting: RHB Valentín Borges
|
0-0: Ball 1-0: Called Strike 1-1: Called Strike 1-2: Foul Ball, location: 2F 1-2: Fielders Choice at 2nd, 4-6 (Groundball, 4)
|
Bottom of the 6th over - 0 run(s), 1 hit(s), 0 error(s), 0 left on base; Maui 2 - Birmingham 1 |
TOP OF THE 7TH |
Maui Tropics batting - Pitching for Birmingham Steeldogs : RHP Jorge Salazar
|
Batting: RHB John Brown
|
0-0: Ground out 5-3 (Groundball, 56S)
|
Batting: LHB Mario Olivares
|
0-0: Ball 1-0: Foul Ball, location: 2F 1-1: Ball 2-1: Foul Ball, location: 2F 2-2: Strikes out swinging
|
Batting: LHB Javier Espinoza
|
0-0: Ball 1-0: Ball 2-0: Called Strike 2-1: Ball 3-1: Fly out, F1 (Line Drive, 15S)
|
Top of the 7th over - 0 run(s), 0 hit(s), 0 error(s), 0 left on base; Maui 2 - Birmingham 1 |
BOTTOM OF THE 7TH |
Birmingham Steeldogs batting - Pitching for Maui Tropics : RHP José Ortíz
|
Batting: RHB Eric Johnson
|
0-0: Ball 1-0: Called Strike 1-1: Swinging Strike 1-2: Ball 2-2: Ball 3-2: Strikes out swinging
|
Batting: RHB Yujiro Kurihara
|
0-0: Called Strike 0-1: Ball 1-1: Ball 2-1: Foul Ball, location: 2F 2-2: SINGLE (Groundball, 56D)
|
Pitching: RHP Luis De Los Ángeles
|
|
Batting: LHB Ashley Pickhills
|
0-0: Grounds into double play, 4-6-3 (Groundball, 4)
|
Bottom of the 7th over - 0 run(s), 1 hit(s), 0 error(s), 0 left on base; Maui 2 - Birmingham 1 |
TOP OF THE 8TH |
Maui Tropics batting - Pitching for Birmingham Steeldogs : RHP Jorge Salazar
|
Pitching: RHP Craig Draper
|
|
Batting: RHB Luis Alou
|
0-0: Called Strike 0-1: Ball 1-1: Ball 2-1: Foul Ball, location: 2F 2-2: Ball 3-2: Ground out 6-3 (Groundball, 6)
|
Batting: LHB José Rivas
|
0-0: SINGLE (Flyball, 8RS)
|
Batting: RHB José Herrera
|
0-0: Called Strike 0-1: Ball 1-1: Called Strike 1-2: Strikes out swinging
|
Batting: LHB Mark Everett
|
0-0: Swinging Strike 0-1: Swinging Strike 0-2: Strikes out looking
|
Top of the 8th over - 0 run(s), 1 hit(s), 0 error(s), 1 left on base; Maui 2 - Birmingham 1 |
BOTTOM OF THE 8TH |
Birmingham Steeldogs batting - Pitching for Maui Tropics : RHP Luis De Los Ángeles
|
Pitching: RHP Ricardo Pérez
|
|
Batting: RHB Carlos García
|
0-0: Fly out, F9 (Flyball, 9)
|
Batting: RHB José Carlos Caraballo
|
0-0: Ball 1-0: SINGLE (Groundball, 56D)
|
Batting: RHB Nick Webb
|
0-0: Ball Wild Pitch! José Carlos Caraballo to second 1-0: Foul Ball, location: 2F 1-1: Ball 2-1: Called Strike 2-2: Strikes out swinging
|
Batting: RHB Sixto Vélez
|
0-0: Ball 1-0: Ball 2-0: Ball 3-0: Base on Balls
|
Pitching: LHP Mark Stewart
|
|
Pinch Hitting: RHB Bob Johnson
|
0-0: Foul Ball, location: 2F 0-1: Fielders Choice at 2nd, 6-4 (Groundball, 6)
|
Bottom of the 8th over - 0 run(s), 1 hit(s), 0 error(s), 1 left on base; Maui 2 - Birmingham 1 |
TOP OF THE 9TH |
Maui Tropics batting - Pitching for Birmingham Steeldogs : RHP Craig Draper
|
Now at 3B: Theron Harper
|
|
Batting: RHB David Moran
|
0-0: Foul Ball, location: 2F 0-1: Swinging Strike 0-2: Ball 1-2: Foul Ball, location: 2F 1-2: Ball 2-2: Strikes out looking
|
Batting: RHB Ximena Campos
|
0-0: Ball 1-0: Foul Ball, location: 2F 1-1: Foul Ball, location: 2F 1-2: Ball 2-2: Ground out 5-3 (Groundball, 56)
|
Batting: RHB John Brown
|
0-0: Called Strike 0-1: Foul Ball, location: 2F 0-2: Ball 1-2: Foul Ball, location: 2F 1-2: Ball 2-2: Ball 3-2: Strikes out swinging
|
Top of the 9th over - 0 run(s), 0 hit(s), 0 error(s), 0 left on base; Maui 2 - Birmingham 1 |
BOTTOM OF THE 9TH |
Birmingham Steeldogs batting - Pitching for Maui Tropics : LHP Mark Stewart
|
Pitching: RHP Pedro Magana
|
|
Now at 3B: Bo Vickers
|
|
Batting: RHB Valentín Borges
|
0-0: Called Strike 0-1: Called Strike 0-2: Strikes out looking
|
Batting: RHB Eric Johnson
|
0-0: Ball 1-0: Called Strike 1-1: SOLO HOME RUN (Flyball, 7LD), Distance : 355 ft
|
Batting: RHB Yujiro Kurihara
|
0-0: Ball 1-0: Called Strike 1-1: Ball 2-1: Foul Ball, location: 2F 2-2: Strikes out looking
|
Batting: LHB Ashley Pickhills
|
0-0: Foul Ball, location: 2F 0-1: Ball 1-1: Ball 2-1: Ball 3-1: Base on Balls
|
Batting: RHB Carlos García
|
0-0: Ball 1-0: Ball 2-0: Foul Ball, location: 2F 2-1: Swinging Strike 2-2: Ball 3-2: Strikes out looking
|
Bottom of the 9th over - 1 run(s), 1 hit(s), 0 error(s), 1 left on base; Maui 2 - Birmingham 2 |
TOP OF THE 10TH |
Maui Tropics batting - Pitching for Birmingham Steeldogs : RHP Craig Draper
|
Pitching: RHP Rick Grant
|
|
Pinch Hitting: LHB Anacleto Morillo
|
0-0: Fly out, F7 (Flyball, 78D)
|
Pinch Hitting: LHB Luis Antonio Torres
|
0-0: Ball 1-0: Swinging Strike 1-1: Foul Ball, location: 2F 1-2: Ball 2-2: Strikes out swinging
|
Batting: RHB Luis Alou
|
0-0: Ball 1-0: Ball 2-0: Ball 3-0: Foul Ball, location: 2F 3-1: Base on Balls
|
Batting: LHB José Rivas
|
0-0: Ball 1-0: Called Strike 1-1: Ball Luis Alou steals 2nd base 2-1: Foul Ball, location: 2F 2-2: Ground out 4-3 (Groundball, 4)
|
Top of the 10th over - 0 run(s), 0 hit(s), 0 error(s), 1 left on base; Maui 2 - Birmingham 2 |
BOTTOM OF THE 10TH |
Birmingham Steeldogs batting - Pitching for Maui Tropics : RHP Pedro Magana
|
Now at SS: Matt Silver
|
|
Now in CF: Don Hull
|
|
Batting: RHB José Carlos Caraballo
|
0-0: Ground out 6-3 (Groundball, 6)
|
Batting: RHB Nick Webb
|
0-0: Ball 1-0: Swinging Strike 1-1: Ball 2-1: Called Strike 2-2: Ball 3-2: Base on Balls
|
Batting: RHB Sixto Vélez
|
0-0: Ball 1-0: Ball 2-0: Ball 3-0: Swinging Strike 3-1: Base on Balls Nick Webb to second
|
Batting: SHB Theron Harper
|
0-0: Ball 1-0: Ground out 4-3 (Groundball, 6MS) Nick Webb to third Sixto Vélez to second
|
Batting: RHB Valentín Borges
|
0-0: Fly out, F9 (Flyball, 89M)
|
Bottom of the 10th over - 0 run(s), 0 hit(s), 0 error(s), 2 left on base; Maui 2 - Birmingham 2 |
TOP OF THE 11TH |
Maui Tropics batting - Pitching for Birmingham Steeldogs : RHP Rick Grant
|
Batting: RHB José Herrera
|
0-0: Ball 1-0: Ball 2-0: Ground out 6-3 (Groundball, 6)
|
Batting: LHB Mark Everett
|
0-0: Ball 1-0: DOUBLE (Line Drive, 9LS)
|
Pinch Hitting: RHB José Rodríguez
|
0-0: Ball 1-0: Foul Ball, location: 2F 1-1: Foul Ball, location: 2F 1-2: Ball 2-2: SINGLE (Line Drive, 89S) Mark Everett to third
|
Batting: RHB Ximena Campos
|
0-0: Ball 1-0: Foul Ball, location: 2F 1-1: Ball 2-1: Fly out, F6 (Popup, 6S)
|
Batting: RHB John Brown
|
0-0: Called Strike 0-1: Called Strike 0-2: Ball 1-2: Strikes out looking
|
Top of the 11th over - 0 run(s), 2 hit(s), 0 error(s), 2 left on base; Maui 2 - Birmingham 2 |
BOTTOM OF THE 11TH |
Birmingham Steeldogs batting - Pitching for Maui Tropics : RHP Pedro Magana
|
Pitching: RHP César Rúbio
|
|
Now at 3B: Juan Medina
|
|
Batting: RHB Eric Johnson
|
0-0: Foul Ball, location: 2F 0-1: Ball 1-1: Fly out, F9 (Flyball, 89M)
|
Batting: RHB Yujiro Kurihara
|
0-0: Foul Ball, location: 2F 0-1: Foul Ball, location: 2F 0-2: Strikes out swinging
|
Batting: LHB Ashley Pickhills
|
0-0: Foul Ball, location: 2F 0-1: Ball 1-1: Called Strike 1-2: Ground out 6-3 (Groundball, 6)
|
Bottom of the 11th over - 0 run(s), 0 hit(s), 0 error(s), 0 left on base; Maui 2 - Birmingham 2 |
TOP OF THE 12TH |
Maui Tropics batting - Pitching for Birmingham Steeldogs : RHP Rick Grant
|
Batting: RHB Matt Silver
|
0-0: Swinging Strike 0-1: Ball 1-1: Ball 2-1: Called Strike 2-2: Ground out 5-3 (Groundball, 5)
|
Pinch Hitting: RHB Michael Woodruff
|
0-0: Ball 1-0: Foul Ball, location: 2F 1-1: Foul Ball, location: 2F 1-2: Ball 2-2: Ground out 6-3 (Groundball, 6)
|
Batting: RHB Luis Alou
|
0-0: Called Strike 0-1: Ball 1-1: Ball 2-1: SINGLE (Groundball, 6MD)
|
Batting: LHB José Rivas
|
0-0: Ball 1-0: Called Strike 1-1: Ground out 4-3 (Groundball, 34)
|
Top of the 12th over - 0 run(s), 1 hit(s), 0 error(s), 1 left on base; Maui 2 - Birmingham 2 |
BOTTOM OF THE 12TH |
Birmingham Steeldogs batting - Pitching for Maui Tropics : RHP César Rúbio
|
Now in CF: Richard Bankhead
|
|
Batting: RHB Carlos García
|
0-0: Ball 1-0: Called Strike 1-1: Foul Ball, location: 2F 1-2: Foul Ball, location: 2F 1-2: Foul Ball, location: 2F 1-2: Ground out 1-3 (Groundball, P)
|
Batting: RHB José Carlos Caraballo
|
0-0: Foul Ball, location: 2F 0-1: Called Strike 0-2: Foul Ball, location: 2F 0-2: Ground out 1-3 (Groundball, 13S)
|
Batting: RHB Nick Webb
|
0-0: Ball 1-0: SINGLE (Flyball, 89S)
|
Batting: RHB Sixto Vélez
|
0-0: Ball 1-0: Foul Ball, location: 2F 1-1: Ball Wild Pitch! Nick Webb to second 2-1: Swinging Strike 2-2: Ball 3-2: Base on Balls
|
Batting: SHB Theron Harper
|
0-0: Ball 1-0: Ground out 1-3 (Groundball, P)
|
Bottom of the 12th over - 0 run(s), 1 hit(s), 0 error(s), 2 left on base; Maui 2 - Birmingham 2 |
TOP OF THE 13TH |
Maui Tropics batting - Pitching for Birmingham Steeldogs : RHP Rick Grant
|
Batting: RHB José Herrera
|
0-0: Called Strike 0-1: Ball 1-1: Ball 2-1: Fly out, F7 (Flyball, 7LM)
|
Pitching: RHP Ken Lyons
|
|
Batting: LHB Mark Everett
|
0-0: Ball 1-0: Ball 2-0: Foul Ball, location: 2F 2-1: Ball 3-1: Swinging Strike 3-2: Fly out, F9 (Line Drive, 9D)
|
Batting: LHB Juan Medina
|
0-0: Called Strike 0-1: Swinging Strike 0-2: Ball 1-2: Ground out 4-3 (Groundball, 4)
|
Top of the 13th over - 0 run(s), 0 hit(s), 0 error(s), 0 left on base; Maui 2 - Birmingham 2 |
BOTTOM OF THE 13TH |
Birmingham Steeldogs batting - Pitching for Maui Tropics : RHP César Rúbio
|
Batting: RHB Valentín Borges
|
0-0: Ball 1-0: Ball 2-0: Foul Ball, location: 2F 2-1: Ball 3-1: Base on Balls
|
Batting: RHB Eric Johnson
|
0-0: Foul Ball, location: 2F 0-1: Swinging Strike 0-2: Strikes out looking
|
Batting: RHB Yujiro Kurihara
|
0-0: Fielders Choice at 2nd, 4-6 (Groundball, 4D)
|
Batting: LHB Ashley Pickhills
|
0-0: Ball 1-0: Ball 2-0: Ground out U3 (Groundball, 34S)
|
Bottom of the 13th over - 0 run(s), 0 hit(s), 0 error(s), 1 left on base; Maui 2 - Birmingham 2 |
TOP OF THE 14TH |
Maui Tropics batting - Pitching for Birmingham Steeldogs : RHP Ken Lyons
|
Batting: RHB Ximena Campos
|
0-0: Called Strike 0-1: Fly out, F9 (Flyball, 9S)
|
Batting: RHB John Brown
|
0-0: Ball 1-0: Ball 2-0: Called Strike 2-1: Ball 3-1: Called Strike 3-2: Fly out, F8 (Flyball, 8RXD)
|
Batting: RHB Matt Silver
|
0-0: Ball 1-0: Foul Ball, location: 2F 1-1: Ground out 5-3 (Groundball, 5S)
|
Top of the 14th over - 0 run(s), 0 hit(s), 0 error(s), 0 left on base; Maui 2 - Birmingham 2 |
BOTTOM OF THE 14TH |
Birmingham Steeldogs batting - Pitching for Maui Tropics : RHP César Rúbio
|
Batting: RHB Carlos García
|
0-0: Ball 1-0: Ball 2-0: Fly out, F2 (Popup, 3S)
|
Pitching: RHP John Burris
|
|
Batting: RHB José Carlos Caraballo
|
0-0: Ball 1-0: Ball 2-0: Ball 3-0: Base on Balls
|
Batting: RHB Nick Webb
|
0-0: Ball José Carlos Caraballo steals 2nd base 1-0: Ball 2-0: Swinging Strike 2-1: Ball 3-1: Base on Balls
|
Batting: RHB Sixto Vélez
|
0-0: Ball 1-0: Foul Ball, location: 2F 1-1: Grounds into double play, 6-4-3 (Groundball, 6)
|
Bottom of the 14th over - 0 run(s), 0 hit(s), 0 error(s), 1 left on base; Maui 2 - Birmingham 2 |
TOP OF THE 15TH |
Maui Tropics batting - Pitching for Birmingham Steeldogs : RHP Ken Lyons
|
Batting: RHB Richard Bankhead
|
0-0: Called Strike 0-1: Ball 1-1: Called Strike 1-2: Strikes out swinging
|
Batting: RHB Luis Alou
|
0-0: Ground out 5-3 (Groundball, 56)
|
Batting: LHB José Rivas
|
0-0: Ball 1-0: Called Strike 1-1: SOLO HOME RUN (Flyball, 9LD), Distance : 375 ft
|
Batting: RHB José Herrera
|
0-0: Foul Ball, location: 2F 0-1: Ground out 1-3 (Groundball, P)
|
Top of the 15th over - 1 run(s), 1 hit(s), 0 error(s), 0 left on base; Maui 3 - Birmingham 2 |
BOTTOM OF THE 15TH |
Birmingham Steeldogs batting - Pitching for Maui Tropics : RHP John Burris
|
Batting: SHB Theron Harper
|
0-0: Called Strike 0-1: Fly out, F4 (Popup, 34)
|
Batting: RHB Valentín Borges
|
0-0: Fly out, F5 (Line Drive, 56)
|
Batting: RHB Eric Johnson
|
0-0: Ball 1-0: SINGLE (Groundball, 34D)
|
Batting: RHB Yujiro Kurihara
|
0-0: Foul Ball, location: 2F 0-1: Foul Ball, location: 2F 0-2: Strikes out looking
|
Bottom of the 15th over - 0 run(s), 1 hit(s), 0 error(s), 1 left on base; Maui 3 - Birmingham 2 |
|